 Dungeon Crawl Stone Soup version 0.19.0-19-g8c6edcc (webtiles) character file.

7262 Inkary the Fighter (level 11, -3/76 HPs)
             Began as a Gargoyle Fighter on Nov 14, 2016.
             Was an Elder of Okawaru.
             Slain by an orc knight
             ... wielding a +0 halberd
              (7 damage)
             ... in a bailey.
             The game lasted 00:20:43 (7907 turns).

Inkary the Fighter (Gargoyle Fighter)               Turns: 7907, Time: 00:20:44

Health: -3/76      AC: 22    Str: 24    XL:     11   Next: 12%
Magic:  12/12      EV:  8    Int:  8    God:    Okawaru [****..]
Gold:   558        SH: 12    Dex: 12    Spells: 0 memorised, 10 levels left

rFire  . . .     SeeInvis .     y - +4 club
rCold  + . .     Gourm    +     Q - +3 ring mail {rC+}
rNeg   + . .     Faith    .     T - +2 shield
rPois  ∞         Spirit   .     z - +0 helmet
rElec  +         Reflect  .     B - +1 cloak
rCorr  .         Harm     .     V - +2 pair of gloves
MR     .....                    (no boots)
Stlth  +.........               N - amulet of the gourmand
                                (no ring)
                                k - +3 ring of dexterity

@: no status effects
A: negative energy resistance 1, electricity resistance, unbreathing,
petrification resistance, rot immunity, AC +7
a: Heroism, Renounce Religion


You were in a bailey.
You worshipped Okawaru.
Okawaru was greatly pleased with you.
You were not hungry.

You visited 1 branch of the dungeon, and saw 9 of its levels.
You also visited: Ossuary and Bailey.

You collected 672 gold pieces.
You spent 114 gold pieces at shops.

Inventory:

Hand Weapons
 a - a +0 flail
 y - a +4 club (weapon)
Armour
 z - a +0 helmet (worn)
 B - a +1 cloak (worn)
 Q - a +3 ring mail of cold resistance (worn)
 T - a +2 shield (worn)
 V - a +2 pair of gloves (worn)
Jewellery
 k - a +3 ring of dexterity (left hand)
 N - an amulet of the gourmand (around neck)
Wands
 c - a wand of lightning (8/15)
 p - a wand of flame (11/48)
 s - a wand of teleportation (3/9)
 x - a wand of flame (28/48)
 D - a wand of confusion (32/48)
 F - a wand of flame (25/48)
 M - a wand of digging (7/24)
Scrolls
 e - 3 scrolls of enchant armour
 h - a scroll of identify
 l - 6 scrolls of teleportation
 m - 4 scrolls of recharging
 n - a scroll of silence
 q - a scroll of fog
 L - 5 scrolls of remove curse
 O - a scroll of amnesia
Potions
 d - a potion of experience {unknown}
 g - 5 potions of flight
 j - 3 potions of resistance
 o - a potion of haste
 r - 2 potions of brilliance {unknown}
 t - 3 potions of magic
 v - 3 potions of heal wounds {unknown}
 C - 3 potions of curing
 E - 3 potions of mutation
 G - 3 potions of berserk rage
 K - 4 potions of cure mutation {unknown}
 P - a potion of ambrosia {unknown}
 R - 5 potions of invisibility {unknown}
 S - a potion of cancellation {unknown}
Comestibles
 b - 7 slices of pizza
 f - 8 bread rations
 i - 5 meat rations
 w - 4 fruits
 I - 4 beef jerkies


   Skills:
 - Level 12.6 Fighting
 - Level 11.6 Maces & Flails
 + Level 4.1 Armour
 + Level 4.1 Shields
 + Level 2.2 Invocations


You had 10 spell levels left.
You didn't know any spells.

Dungeon Overview and Level Annotations

Branches:
Dungeon (9/15)             Temple (0/1) D:5             Orc (0/2) D:9
   Lair: D:8-11

Altars:
Gozag
Makhleb
Okawaru
Ru
Sif Muna
Uskayaw
Vehumet
Xom
Yredelemnul
Zin
The Shining One

Shops:
D:5 *   D:6 *


Innate Abilities, Weirdness & Mutations

You are resistant to torment.
Your stone body is resilient. (AC +7)
You are immune to poison.
You resist negative energy. (rN+)
You are resistant to electric shocks. (rElec)
You can survive without breathing.
You are immune to petrification.
You are immune to rotting.


Message History

The orc warrior shouts!
You hear a shout! x2
The orc knight hits you from afar with a glaive!
* * * LOW HITPOINT WARNING * * *
The orc knight roars a battlecry!
The orcs go into a battle-frenzy!
You block the orc's attack.
The orc hits you but does no damage. 2 orcs come into view.
An orc comes into view. It is wielding a halberd.
The orc knight roars a battlecry!
You feel better. You block the orc's attack.
The orc knight roars a battlecry!
The orcs go into a battle-frenzy!
The orc closely misses you.
The orc knight roars a battlecry!
The orc goes into a battle-frenzy!
You feel better.
The orc knight hits you from afar with a glaive!!
* * * LOW HITPOINT WARNING * * *
The orc knight hits you from afar with a halberd!
You die...

########## ####### ##.∩........
##.....######
#..........oo######..)))..#..).
#..........oo#.$$.#.=)))..'))).
#∩........oooo.$o.o..))...'))))
#..........o.#@$oo#..))...'))).
#..........o ######.......#....
##.∩......o ##.....######
######## #######


You could see 4 orc knights, an orc warrior and 7 orcs.

Vanquished Creatures
  Joseph (D:7)
  Psyche (D:8)
  A hornet (D:9)
  Grinder (D:6)
  A hippogriff (D:8)
  A hill giant zombie (D:9)
  Sigmund (D:2)
  Eustachio (D:6)
  A wraith (D:9)
  4 hogs (D:7)
  A human (D:7)
  3 hungry ghosts
  Duvessa (D:6)
  A black bear (D:8)
  9 orc warriors
  A phantom (D:4)
  6 ogres
  A big kobold (D:8)
  3 bullfrogs
  Dowan (D:6)
  2 water moccasin zombies
  4 scorpions
  11 killer bees
  An electric eel (D:7)
  2 howler monkeys
  2 crimson imps
  A quasit (D:4)
  3 orc priests
  7 bullfrog zombies
  A hound (D:4)
  2 centaur skeletons
  6 orc wizards
  2 bullfrog skeletons
  12 mummies (Ossuary)
  5 worker ants
  A killer bee zombie (Ossuary)
  2 hound zombies
  7 ogre zombies (D:9)
  2 hound skeletons
  A howler monkey zombie (Ossuary)
  A worker ant zombie (Ossuary)
  Robin (D:3)
  4 gnolls (D:4)
  8 adders
  2 shadow imps
  An adder skeleton (D:9)
  2 adder zombies (Ossuary)
  A worm (D:4)
  3 dart slugs
  4 leopard geckos
  33 orcs
  9 bats
  5 giant cockroaches
  21 goblins
  8 hobgoblins
  5 quokkas
  A ball python (D:5)
  4 frilled lizards
  2 giant cockroach zombies (Ossuary)
  2 goblin skeletons (D:9)
  A goblin zombie (D:9)
  3 hobgoblin skeletons (D:9)
  3 hobgoblin zombies (D:9)
  A jackal skeleton (D:4)
  4 jackal zombies
  7 kobolds
  A leopard gecko zombie (Ossuary)
  An orc skeleton (D:9)
  15 orc zombies (D:9)
  A quokka skeleton (D:5)
  A quokka zombie (Ossuary)
  7 rats
  A fungus (D:6)
277 creatures vanquished.

Vanquished Creatures (others)
  An orc (D:7)
1 creature vanquished.

Grand Total: 278 creatures vanquished

Notes
Turn   | Place    | Note
-------+----------+-------------------------------------------
     0 | D:1      | Inkary the Gargoyle Fighter began the quest for the Orb.
     0 | D:1      | Reached XP level 1. HP: 14/14 MP: 1/1
   293 | D:1      | Reached XP level 2. HP: 19/19 MP: 2/2
   502 | D:1      | Reached XP level 3. HP: 24/24 MP: 3/3
   713 | D:2      | Noticed Sigmund
   724 | D:2      | Killed Sigmund
   724 | D:2      | Reached skill level 5 in Fighting
   724 | D:2      | Reached XP level 4. HP: 18/31 MP: 4/4
   724 | D:2      | Reached XP level 5. HP: 20/35 MP: 5/5
   805 | D:2      | Found a deep blue altar of Sif Muna.
  1161 | D:3      | Reached XP level 6. HP: 40/40 MP: 6/6
  1201 | D:3      | Found a glowing silver altar of Zin.
  1234 | D:3      | Found a hide-covered altar of Uskayaw.
  1315 | D:3      | Noticed Robin
  1347 | D:3      | Killed Robin
  1731 | D:4      | Reached skill level 6 in Fighting
  1731 | D:4      | Reached skill level 5 in Maces & Flails
  1828 | D:4      | Noticed a phantom
  1860 | D:4      | Killed a phantom
  1860 | D:4      | Reached XP level 7. HP: 46/47 MP: 7/7
  1874 | D:4      | Found an iron altar of Okawaru.
  1903 | D:4      | Became a worshipper of Warmaster Okawaru
  2503 | D:5      | Entered Level 5 of the Dungeon
  2507 | D:5      | Reached skill level 7 in Fighting
  2531 | D:5      | Found Wiagg's General Store.
  2567 | D:5      | Bought a potion of berserk rage for 60 gold pieces
  2986 | D:4      | Reached XP level 8. HP: 36/53 MP: 8/8
  3236 | D:5      | Found a staircase to the Ecumenical Temple.
  3260 | D:5      | Found a shimmering altar of Xom.
  3450 | D:5      | Reached * piety under Okawaru
  3450 | D:5      | Reached skill level 8 in Fighting
  3702 | D:6      | Found Iniedyfe's Assorted Antiques.
  3720 | D:6      | Bought a scroll labeled OFUMOR KALEO for 27 gold pieces
  3720 | D:6      | Bought a scroll labeled XISUHO DYZXIOC for 27 gold pieces
  3880 | D:6      | Found a glowing golden altar of the Shining One.
  3947 | D:6      | Noticed Grinder
  3969 | D:6      | Killed Grinder
  4127 | D:6      | Reached skill level 9 in Fighting
  4183 | D:6      | Noticed Dowan
  4184 | D:6      | Noticed Duvessa
  4205 | D:6      | Killed Duvessa
  4205 | D:6      | Reached XP level 9. HP: 60/60 MP: 9/9
  4222 | D:6      | Killed Dowan
  4281 | D:6      | Found a burning altar of Makhleb.
  4281 | D:6      | Found a radiant altar of Vehumet.
  4282 | D:6      | Found an opulent altar of Gozag.
  4356 | D:6      | Noticed Eustachio
  4426 | D:6      | Killed Eustachio
  4426 | D:6      | Reached ** piety under Okawaru
  4842 | D:7      | Noticed Joseph
  4878 | D:7      | Killed Joseph
  4878 | D:7      | Reached skill level 10 in Fighting
  4955 | D:7      | Found a sacrificial altar of Ru.
  5163 | D:7      | Reached *** piety under Okawaru
  5163 | D:7      | Reached skill level 10 in Maces & Flails
  5163 | D:7      | Reached XP level 10. HP: 51/68 MP: 10/10
  5168 | D:7      | Reached skill level 11 in Fighting
  5502 | D:8      | Found a sand-covered staircase.
  5520 | Ossuary  | Entered an ossuary
  6252 | D:8      | Reached **** piety under Okawaru
  6809 | D:9      | Reached skill level 12 in Fighting
  6842 | D:9      | Found a staircase to the Orcish Mines.
  6936 | D:9      | Noticed Psyche
  6966 | D:8      | Killed Psyche
  7051 | D:8      | Received a gift from Okawaru
  7151 | D:9      | Found a basalt altar of Yredelemnul.
  7214 | D:9      | Reached XP level 11. HP: 33/76 MP: 11/11
  7304 | D:9      | Found a flagged portal.
  7330 | Bailey   | Entered a bailey
  7359 | Bailey   | Reached skill level 1 in Invocations
  7864 | Bailey   | Noticed an orc knight
  7864 | Bailey   | Noticed an orc knight
  7868 | Bailey   | Noticed an orc knight
  7868 | Bailey   | Noticed an orc knight
  7907 | Bailey   | Slain by an orc knight

Skill      XL: |  1  2  3  4  5  6  7  8  9 10 11 |
---------------+----------------------------------+-----
Maces & Flails | 4 5 6 8 10 11 | 11.6
Fighting       | 5 6 7 9 10 12 | 12.6
Invocations    | 2 |  2.2
Armour         | 4 |  4.1
Shields        | 4 |  4.1

Action                   |  1- 3 |  4- 6 |  7- 9 | 10-12 || total
-------------------------+-------+-------+-------+-------++-------
Melee: Flail             |    95 |    83 |       |       ||   178
       Club              |       |    38 |   514 |   687 ||  1239
Invok: Heroism           |       |       |     3 |     7 ||    10
  Use: Potion            |     1 |       |       |     9 ||    10
       Scroll            |       |       |     5 |    13 ||    18
  Eat: Chunk             |       |     3 |    20 |    19 ||    42
Armor: Scale mail        |    65 |    48 |   282 |       ||   395
       Ring mail         |       |       |    28 |   343 ||   371
Dodge: Dodged            |    27 |    36 |   174 |   252 ||   489
Block: Shield            |    69 |    69 |   312 |   394 ||   844
